 Dungeon Crawl Stone Soup version 0.31.0-11-ge490571c62 (webtiles) character file.

Game seed: 8620271999622042190

644 qw the Skirmisher (level 7, -1/40 HPs)
             Began as a Deep Elf Hunter on Feb 4, 2024.
             Was a Follower of Okawaru.
             Slain by an ogre
             ... wielding a +0 giant club
              (27 damage)
             ... on level 5 of the Dungeon.
             The game lasted 00:00:21 (2975 turns).

qw the Skirmisher (Deep Elf Hunter)                 Turns: 2975, Time: 00:00:22

Health: -1/40      AC:  7    Str: 10    XL:     7   Next: 26%
Magic:  10/10      EV: 11    Int: 14    God:    Okawaru [*.....]
Gold:   176        SH:  0    Dex: 18    Spells: 6/6 levels left

rFire   + + .        a - +0 shortbow
rCold   . . .        (shield currently unavailable)
rNeg    . . .        h - +2 ring mail {rF+}
rPois   .            (no helmet)
rElec   .            (no cloak)
rCorr   .            (no gloves)
SInv    .            (no boots)
Will    .....        m - amulet of regeneration
Stlth   +            e - ring of protection from fire
HPRegen 1.06/turn    (no ring)
MPRegen 0.12/turn

%: no passive effects
@: no status effects
A: no striking features
a: Renounce Religion, Heroism


You were on level 5 of the Dungeon.
You worshipped Okawaru.
Okawaru was aware of your devotion.
You visited 2 branches of the dungeon, and saw 6 of its levels.

You collected 330 gold pieces.
You spent 154 gold pieces at shops.


   Skills:
 - Level 2.5 Fighting
 + Level 10.4 Ranged Weapons
 - Level 3.2 Dodging
 - Level 1.2 Stealth
 + Level 2.5 Invocations


You had 6 spell levels left.
You didn't know any spells.
Your spell library was empty.

Inventory:

Hand Weapons
 a - a +0 shortbow (weapon)
Armour
 h - a +2 ring mail of fire resistance (worn)
Jewellery
 e - a ring of protection from fire (left hand)
 m - an amulet of regeneration (around neck)
Wands
 c - a wand of light (3)
 i - a wand of flame (18)
Potions
 f - a potion of mutation
 g - a potion of degeneration {unknown}
 j - a potion of curing
 k - a potion of attraction {unknown}

Dungeon Overview and Level Annotations

Branches:
Dungeon (5/15)             Temple (1/1) D:4

Altars:
Ashenzari
Dithmenos
Fedhas
Kikubaaqudgha
Okawaru
Qazlal
Ru
Sif Muna
Trog
Uskayaw
Wu Jian
Xom
Zin
The Shining One

Shops:
D:4 [


Message History

The jackal barely misses you. x2
There is a stone staircase leading up here.
You shoot an arrow. The arrow hits the jackal!
You kill the jackal!
Okawaru accepts your kill.
The jackal bites you but does no damage.
The jackal barely misses you.
You shoot an arrow. The arrow barely misses the jackal.
The jackal barely misses you.
You shoot an arrow. The arrow closely misses the jackal.
The jackal bites you but does no damage.
You shoot an arrow. The arrow hits the jackal.
The jackal is severely wounded.
The jackal bites you but does no damage.
The jackal closely misses you.
You shoot an arrow. The arrow hits the jackal.
You kill the jackal!
Okawaru accepts your kill.
An ogre comes into view. It is wielding a +0 giant club.
You shoot an arrow. The arrow hits the ogre.
The ogre is moderately wounded.
You shoot an arrow.
The arrow hits the ogre but does no damage.
The ogre is moderately wounded.
You shoot an arrow. The arrow hits the ogre.
The ogre is moderately wounded.
The ogre hits you with a +0 giant club.
You shoot an arrow. The arrow hits the ogre.
The ogre is heavily wounded.
You shoot an arrow.
The arrow hits the ogre but does no damage.
The ogre is heavily wounded.
The ogre hits you with a +0 giant club!
You shoot an arrow. The arrow hits the ogre!
The ogre is severely wounded.
You shoot an arrow. The arrow hits the ogre.
The ogre is severely wounded.
The ogre hits you with a +0 giant club!!
Ouch! That really hurt!
You die...

#.. . #.. .# ..
..# #.# #.. ..
... #. #.#
#.####O###..#.###
...$...@.<%.<....
.#####..#.[......
#.##........ #.
#........ #.
#........ ##
#........
#........
#........


You could see an ogre.

Vanquished Creatures
  A phantom (D:4)
  3 necrophages (D:4)
  A human zombie (D:4)
  A hound (D:4)
  A jelly (D:4)
  2 orc priests
  An iguana (D:4)
  3 hound zombies (D:4)
  A hound skeleton (D:4)
  A howler monkey zombie (D:4)
  6 adders
  A shadow imp (D:4)
  An adder zombie (D:4)
  An adder skeleton (D:4)
  4 dart slugs
  6 orcs
  4 bats
  7 endoplasms
  5 giant cockroaches
  3 goblins
  9 hobgoblins
  5 jackals
  2 quokkas
  5 ball pythons
  3 frilled lizards
  2 kobolds (D:2)
  4 rats
83 creatures vanquished.

Notes
Turn   | Place    | Note
-------+----------+-------------------------------------------
     0 | D:1      | qw the Deep Elf Hunter began the quest for the Orb.
     0 | D:1      | Reached XP level 1. HP: 12/12 MP: 3/3
     0 | D:1      | 0 ||| qw: Version: 0.3-a-160-g6735b56
     0 | D:1      | 0 ||| qw: Game counter: 5867
     0 | D:1      | 0 ||| qw: Melee chars always use a shield: true
     0 | D:1      | 0 ||| qw: God list: Okawaru
     0 | D:1      | 0 ||| qw: Allow faded altars: false
     0 | D:1      | 0 ||| qw: Do Orc after clearing Dungeon:15 true
     0 | D:1      | 0 ||| qw: Do second Lair branch before Depths: true
     0 | D:1      | 0 ||| qw: Lair rune preference: random
     0 | D:1      | 0 ||| qw: Goals: Normal
     0 | D:1      | 0 ||| PLANNING D:1-11
   188 | D:1      | Reached XP level 2. HP: 16/16 MP: 4/4
   264 | D:1      | Reached skill level 6 in Ranged Weapons
   564 | D:1      | 564 ||| UPGRADING to +0 ring mail.
   574 | D:1      | 574 ||| DROPPING +0 leather armour.
   575 | D:1      | 575 ||| UPGRADING to amulet of the acrobat.
   580 | D:1      | 580 ||| DROPPING amulet of magic regeneration.
   581 | D:1      | 581 ||| READING 2 scrolls labelled GIBYCY CUIZAME.
   581 | D:1      | 581 ||| IDENTIFYING viscous sapphire potion
   582 | D:1      | 582 ||| READING scroll of identify.
   582 | D:1      | 582 ||| IDENTIFYING scroll labelled FEQAUSH KAORIK
   583 | D:1      | 583 ||| READING scroll labelled EDIGGY DIZISI.
   584 | D:1      | 584 ||| DROPPING scroll of butterflies.
   585 | D:1      | 585 ||| DROPPING potion of lignification.
   586 | D:1      | 586 ||| DROPPING scroll of torment.
   838 | D:2      | Reached XP level 3. HP: 20/20 MP: 5/5
   914 | D:2      | 914 ||| FLEEEEING.
   915 | D:2      | 915 ||| FLEEEEING.
   916 | D:2      | 916 ||| FLEEEEING.
  1050 | D:2      | Reached skill level 7 in Ranged Weapons
  1090 | D:2      | Identified the +1 rapier of the Hugging Gods {antimagic,
                  | rC- Int+6}
  1212 | D:2      | 1212 ||| DROPPING ring of wizardry.
  1213 | D:2      | 1213 ||| READING scroll labelled ORGHEL SOFIHE.
  1296 | D:3      | Reached XP level 4. HP: 25/25 MP: 6/6
  1444 | D:3      | 1444 ||| FLEEEEING.
  1445 | D:3      | 1445 ||| FLEEEEING.
  1446 | D:3      | 1446 ||| FLEEEEING.
  1447 | D:3      | 1447 ||| FLEEEEING.
  1448 | D:3      | 1448 ||| FLEEEEING.
  1449 | D:3      | 1449 ||| FLEEEEING.
  1450 | D:3      | 1450 ||| FLEEEEING.
  1451 | D:3      | 1451 ||| FLEEEEING.
  1452 | D:3      | 1452 ||| FLEEEEING.
  1453 | D:3      | 1453 ||| FLEEEEING.
  1454 | D:3      | 1454 ||| FLEEEEING.
  1455 | D:3      | 1455 ||| FLEEEEING.
  1456 | D:3      | 1456 ||| FLEEEEING.
  1457 | D:3      | 1457 ||| FLEEEEING.
  1461 | D:3      | 1461 ||| FLEEEEING.
  1462 | D:3      | 1462 ||| FLEEEEING.
  1463 | D:3      | 1463 ||| FLEEEEING.
  1471 | D:3      | HP: 6/24 [orc/+0 hand axe (3)]
  1472 | D:3      | Reached skill level 8 in Ranged Weapons
  1472 | D:3      | HP: 2/25 [orc/+0 hand axe (4)]
  1749 | D:3      | Reached XP level 5. HP: 28/29 MP: 7/7
  1805 | D:3      | 1805 ||| UPGRADING to amulet of regeneration.
  1815 | D:3      | 1815 ||| DROPPING amulet of the acrobat.
  1816 | D:3      | 1816 ||| READING scroll of identify.
  1816 | D:3      | 1816 ||| IDENTIFYING yellow potion
  1817 | D:3      | 1817 ||| READING 2 scrolls labelled DYH MODOLY.
  1818 | D:3      | 1818 ||| READING scroll labelled QOEBEPTICAN.
  1919 | D:3      | 1919 ||| READING scroll labelled IROTHU ZE KUYLITH.
  1920 | D:3      | 1920 ||| DROPPING potion of magic.
  1921 | D:3      | 1921 ||| DROPPING scroll of amnesia.
  2281 | D:4      | Found a staircase to the Ecumenical Temple.
  2282 | D:4      | 2282 ||| PLANNING TEMPLE
  2286 | D:4      | 2286 ||| READING 4 scrolls of identify.
  2286 | D:4      | 2286 ||| IDENTIFYING fuming yellow potion
  2287 | D:4      | 2287 ||| READING 3 scrolls of identify.
  2287 | D:4      | 2287 ||| IDENTIFYING coppery potion
  2288 | D:4      | 2288 ||| READING 2 scrolls of identify.
  2288 | D:4      | 2288 ||| IDENTIFYING 2 viscous dark potions
  2289 | D:4      | 2289 ||| DROPPING 2 potions of invisibility.
  2290 | D:4      | 2290 ||| DROPPING potion of ambrosia.
  2300 | Temple   | Entered the Ecumenical Temple
  2301 | Temple   | 2301 ||| PLANNING OKAWARU WORSHIP
  2313 | Temple   | Became a worshipper of Warmaster Okawaru
  2314 | Temple   | 2314 ||| PLANNING D:1-11
  2360 | D:4      | Reached skill level 9 in Ranged Weapons
  2423 | D:4      | Noticed a phantom
  2425 | D:4      | 2425 ||| ZAPPING wand of light (6) at 5,0 (phantom; floor).
  2426 | D:4      | 2426 ||| ZAPPING wand of light (5) at 4,0 (phantom; floor).
  2427 | D:4      | 2427 ||| ZAPPING wand of light (4) at 3,0 (phantom; floor).
  2427 | D:4      | Killed a phantom
  2428 | D:4      | Reached XP level 6. HP: 36/36 MP: 8/8
  2481 | D:4      | Found an ancient bone altar of Kikubaaqudgha.
  2524 | D:4      | Reached skill level 10 in Ranged Weapons
  2537 | D:4      | Reached * piety under Okawaru
  2561 | D:4      | Reached skill level 3 in Dodging
  2561 | D:4      | Reached skill level 1 in Invocations
  2572 | D:4      | Reached XP level 7. HP: 35/40 MP: 8/10
  2740 | D:4      | Found Emono's Antique Armour Shoppe.
  2744 | D:4      | 2744 ||| BUYING shiny ring mail (154 gold).
  2744 | D:4      | Bought a shiny ring mail for 154 gold pieces
  2922 | D:4      | 2922 ||| UPGRADING to +2 ring mail of fire resistance.
  2932 | D:4      | 2932 ||| DROPPING +0 ring mail.
  2933 | D:4      | 2933 ||| UPGRADING to ring of protection from fire.
  2934 | D:4      | 2934 ||| READING scroll of identify.
  2934 | D:4      | 2934 ||| IDENTIFYING murky orange potion
  2953 | D:5      | Entered Level 5 of the Dungeon
  2956 | D:5      | 2956 ||| STAIRDANCE
  2975 | D:5      | Slain by an ogre

Levels and vault maps discovered:
D:1:      psy_arrival_fountain, layout_basic, minmay_misc_feat_pillars,
          minivault_5
D:2:      layout_loops_ring
D:3:      layout_rooms, minmay_fractal_squares_diagonal_5
D:4:      layout_loops_ring, lemuel_mausoleum_altar_kikubaaqudgha,
          minmay_temple_entry_proselytizer, serial_shops, nicolae_shop_trees,
          wad_floor_pattern_untrapped
D:5:      layout_rooms, kennysheep_ying_yang, amcnicky_altar_gilded,
          mainiacjoe_overflow_boulevard, gammafunk_ghost_split, uniq_sigmund
Temple:   compressed_dpeg_triangle_lava_temple

Skill      XL: |  1  2  3  4  5  6  7 |
---------------+----------------------+-----
Ranged Weapons | 6 7 8 9 10 | 10.4
Fighting       | 2 |  2.5
Dodging        | 3 |  3.2
Invocations    | 1 2 |  2.5
Stealth        | |  1.2

Action                     |  1- 3 |  4- 6 |  7- 9 || total
---------------------------+-------+-------+-------++-------
   Fire: Shortbow          |   115 |   176 |    50 ||   341
  Evoke: Wand              |       |     3 |       ||     3
    Use: Scroll            |     4 |     7 |     1 ||    12
 Armour: Leather armour    |     4 |       |       ||     4
         Ring mail         |    18 |    63 |    29 ||   110
  Dodge: Dodged            |    22 |    48 |    32 ||   102

Table legend:
 A = Non-vault XP
 B = Vault XP
 C = Vault XP percentage of total XP
 D = Non-vault monster count
 E = Vault monster count
 F = Vault count percentage of total count
                 A         B        C        D         E       F
            +---------+---------+-------+---------+---------+-------
      Total |     455 |     465 |  50.5 |      65 |      18 |  21.7
            +---------+---------+-------+---------+---------+-------
        D:1 |      23 |       0 |   0.0 |      13 |       0 |   0.0
        D:2 |      58 |       0 |   0.0 |      19 |       0 |   0.0
        D:3 |     108 |      10 |   8.5 |      16 |       5 |  23.8
        D:4 |     260 |     455 |  63.6 |      14 |      13 |  48.1
        D:5 |       6 |       0 |   0.0 |       3 |       0 |   0.0
            +---------+---------+-------+---------+---------+-------
